 Dungeon Crawl Stone Soup version 0.29-a0-121-g8efb068a30 (webtiles) character file.

Game seed: 12615394817942416036

389 Grim the Jinx (level 6, 0/32 HPs)
             Began as a Deep Elf Enchanter on Feb 20, 2022.
             Slain by a black bear (2 damage)
             ... on level 3 of the Dungeon.
             The game lasted 00:07:20 (4618 turns).

Grim the Jinx (Deep Elf Enchanter)                  Turns: 4618, Time: 00:07:21

Health: 0/32       AC:  6    Str:  7    XL:     6   Next: 50%
Magic:  7/12       EV: 12    Int: 20    God:
Gold:   159        SH:  0    Dex: 15    Spells: 3/11 levels left

rFire   . . .      SeeInvis .   e - +2 dagger (holy)
rCold   . . .      Faith    .   (no shield)
rNeg    . . .      Spirit   .   b - +0 robe
rPois   +          Reflect  .   f - +0 helmet
rElec   .          Harm     .   w - +1 cloak {rPois}
rCorr   .          Rampage  .   (no gloves)
Will    +....                   g - +0 pair of boots
Stlth   ++........              (no amulet)
HPRegen 0.10/turn               o - ring of willpower
MPRegen 0.13/turn               (no ring)

@: confusing by touch, invisible
A: no striking features
a: no special abilities


You were on level 3 of the Dungeon.
You visited 1 branch of the dungeon, and saw 4 of its levels.

You collected 159 gold pieces.

Inventory:

Hand Weapons
 a - a +1 dagger
 e - a +2 dagger of holy wrath (weapon)
Missiles
 i - 118 stones (quivered)
 k - 12 atropa-tipped darts
 l - 4 javelins
Armour
 b - a +0 robe (worn)
 f - a +0 helmet (worn)
 g - a +0 pair of boots (worn)
 w - a +1 cloak of poison resistance (worn)
Jewellery
 o - a ring of willpower (left hand)
Wands
 t - a wand of polymorph (9)
Scrolls
 m - a scroll of identify {unknown}
 n - a scroll of magic mapping {unknown}
 q - a scroll of brand weapon {unknown}
 r - 3 scrolls of teleportation {unknown}
 s - a scroll of acquirement {unknown}
 u - a scroll of noise {unknown}
 v - a scroll of enchant armour {unknown}
Potions
 d - 3 potions of heal wounds {unknown}
 h - a potion of curing {unknown}
 j - 2 potions of might
 p - a potion of attraction {unknown}


   Skills:
 - Level 2.5 Short Blades
 - Level 2.4 Dodging
 - Level 3.6 Stealth
 - Level 3.0 Spellcasting
 + Level 8.7 Hexes
 - Level 2.0 Ice Magic


You had 3 spell levels left.
You knew the following spells:

 Your Spells              Type           Power      Damage    Failure   Level
a - Ensorcelled Hibernat  Hex/Ice        48%        N/A       2%          2
b - Confusing Touch       Hex            38%        N/A       1%          3
c - Tukima's Dance        Hex            38%        N/A       1%          3

Your spell library contained the following spells:

 Spells                   Type           Power      Damage    Failure   Level
 Dazzling Flash           Conj/Hex       40%        N/A       7%          3
 Sublimation of Blood     Necr           3%         N/A       22%         2
 Petrify                  Tmut/Erth      3%         N/A       80%         4
 Irradiate                Conj/Tmut      1%         3d14      98%         5


Dungeon Overview and Level Annotations

Branches:
Dungeon (4/15)
 Temple: D:4-7

Altars:
Ashenzari
Wu Jian

Shops:
D:3 *


Message History

The adder skeleton misses you.
There is a stone staircase leading up here.
The hound skeleton misses you. The black bear barely misses you.
The black bear claws you but does no damage. x2
The adder skeleton closely misses you.
The hound skeleton bites you but does no damage.
You climb upwards.
There is a stone staircase leading down here.
The black bear barely misses you. x3
Casting: Confusing Touch (safe; 1% risk of failure)
Confirm with . or Enter, or press ? or * to list all spells.
Aiming: Ensorcelled Hibernation (safe; 2% risk of failure)
Press: ? - help, Shift-Dir - straight line, f - black bear
Aim: a black bear (chance to affect: 55%)
The black bear looks drowsy...
The helpless black bear fails to defend itself.
You impale the black bear!!
The black bear is severely wounded.
The black bear goes berserk!
You hit the black bear but do no damage.
The black bear is severely wounded.
The black bear bites you but does no damage.
The black bear claws you. The black bear misses you.
Casting: Ensorcelled Hibernation (safe; 2% risk of failure)
Confirm with . or Enter, or press ? or * to list all spells.
Your hands begin to glow red.
The black bear bites you. The black bear claws you. x2
* * * LOW HITPOINT WARNING * * *
The black bear bites you!
* * * LOW HITPOINT WARNING * * *
The black bear claws you.
* * * LOW HITPOINT WARNING * * *
The black bear closely misses you.
Unknown command.
You fade into invisibility!
The black bear bites you.
* * * LOW HITPOINT WARNING * * *
The black bear claws you but does no damage. x2
The black bear closely misses you. The black bear claws you.
You die...

###.#.........###.####.#####
#.#......#..##.#.....#
#...........#.###.####
####.###.....## ##.#
#........#.###.##
#######.###.#.## #.# ##.##
#.# ### #@# #h# #.# #.#
########## #.# #...†....#
######>######.######.#
#....[.)...##.#### #.#
#.####.#.........# #.#
#.###......##.##.# #.#


You could see a black bear (berserk).

Vanquished Creatures
  Sigmund (D:3)
  A water moccasin (D:3)
  Crazy Yiuf (D:3)
  Jessica (D:3)
  An adder (D:3)
  2 worms (D:2)
  2 dart slugs
  5 ball pythons
  9 endoplasms
  5 giant cockroaches
  4 goblins
  3 hobgoblins
  2 quokkas (D:3)
  9 bats
  5 frilled lizards
  4 kobolds (D:1)
  6 rats
61 creatures vanquished.

Notes
Turn   | Place    | Note
-------+----------+-------------------------------------------
     0 | D:1      | Grim the Deep Elf Enchanter began the quest for the Orb.
     0 | D:1      | Reached XP level 1. HP: 10/10 MP: 6/6
  1288 | D:1      | Reached XP level 2. HP: 9/15 MP: 8/8
  1877 | D:1      | Learned a level 2 spell: Ensorcelled Hibernation
  1973 | D:2      | Found a faded altar of an unknown god.
  2182 | D:2      | Reached XP level 3. HP: 19/19 MP: 4/9
  2247 | D:2      | Reached skill level 1 in Ice Magic
  2596 | D:3      | Noticed a water moccasin
  2603 | D:3      | Learned a level 3 spell: Confusing Touch
  2607 | D:3      | Learned a level 3 spell: Tukima's Dance
  2609 | D:3      | Noticed Jessica
  2609 | D:3      | Noticed Sigmund
  2849 | D:3      | Found a runed translucent door.
  2850 | D:3      | Noticed Crazy Yiuf
  3142 | D:3      | Found an ornate altar of the Wu Jian Council.
  3557 | D:3      | Found Cefeheh's General Store.
  3563 | D:3      | Reached XP level 4. HP: 24/24 MP: 10/10
  3621 | D:3      | Found a broken altar of Ashenzari.
  3843 | D:3      | Killed Sigmund
  3844 | D:3      | Reached skill level 7 in Hexes
  3844 | D:3      | Reached XP level 5. HP: 17/28 MP: 8/11
  3980 | D:3      | Killed a water moccasin
  3981 | D:3      | Reached skill level 8 in Hexes
  3981 | D:3      | Reached XP level 6. HP: 16/32 MP: 7/12
  4231 | D:3      | Killed Jessica
  4437 | D:3      | Killed Crazy Yiuf
  4618 | D:3      | Slain by a black bear

Illustrated notes

Levels and vault maps discovered:
D:1:      psy_arrival_statuary, layout_rooms
D:2:      layout_basic, nicolae_ecumenical_oubliette, kennysheep_generic_room_6
D:3:      layout_loops_corners, ashenzari_altar_1,
          nicolae_wu_jian_immortal_techniques, serial_shops, shop_fountains,
          uniq_jessica, uniq_crazy_yiuf_cottage, uniq_sigmund
D:4:      layout_basic, lemuel_blue_sif_altar

Skill      XL: |  1  2  3  4  5 |
---------------+----------------+-----
Short Blades   | 2 |  2.5
Ice Magic      | 2 |  2.0
Hexes          | 7 8 |  8.7
Dodging        | |  2.4
Stealth        | |  3.6
Spellcasting   | |  3.0

Action                   |  1- 3 |  4- 6 || total
-------------------------+-------+-------++-------
Melee: Dagger            |   153 |    52 ||   205
       Punch             |       |     1 ||     1
 Cast: Ensorcelled Hiber |    15 |     6 ||    21
       Confusing Touch   |       |     5 ||     5
  Use: Potion            |       |     1 ||     1
 Stab: Sleeping          |    17 |     5 ||    22
       Distracted        |     1 |       ||     1
       Confused          |       |     4 ||     4
Armor: Robe              |    42 |    26 ||    68
Dodge: Dodged            |    98 |    47 ||   145

Table legend: (Time is in decaauts)
 A = Elapsed time spent in this place.
 B = Non-inter-level travel time spent in this place.
 C = Inter-level travel time spent in this place.
 D = Time resting spent in this place.
 E = Time spent auto-exploring this place.
 F = Levels seen in this place.
 G = Mean time per level.
                   A        B        C        D        E       F      G
               +--------+--------+--------+--------+--------+-----+--------+
         Total |   4596 |   4547 |     49 |   2164 |   1680 |   4 | 1149.0 |
       Dungeon |   4596 |   4547 |     49 |   2164 |   1680 |   4 | 1149.0 |
               +--------+--------+--------+--------+--------+-----+--------+

Top non-repeatable levels by time:
     D:3: 2004 daAuts
     D:1: 1940 daAuts
     D:2: 623 daAuts
     D:4: 28 daAuts
